SNL (28 & UNDER)
KEY WEST BARRACUDAS @ MONTGOMERY BISCUITS
07/15/2023
 
TOP OF THE 1ST
Key West Barracudas batting - Pitching for Montgomery Biscuits : LHP Jorge Estrada
Pitching: LHP Jorge Estrada
Batting: RHB Luis Pineda 0-0: Ground out 5-3 (Groundball, 56S)
Batting: SHB Patrick Larson 0-0: Ball
1-0: Ground out 4-3 (Groundball, 4)
Batting: RHB Dave Nelson 0-0: Ball
1-0: Swinging Strike
1-1: Ball
2-1: Called Strike
2-2: Ground out 6-3 (Groundball, 6M)
Top of the 1st over - 0 run(s), 0 hit(s), 0 error(s), 0 left on base; Key West 0 - Montgomery 0
BOTTOM OF THE 1ST
Montgomery Biscuits batting - Pitching for Key West Barracudas : RHP Cade Baird
Pitching: RHP Cade Baird
Batting: RHB Gabriel Miranda 0-0: Ball
1-0: Ground out 5-3 (Groundball, 5)
Batting: LHB John Haney 0-0: Foul Ball, location: 2F
0-1: Ball
1-1: Swinging Strike
1-2: Ball
2-2: Ball
3-2: Base on Balls
Batting: SHB Andrew Curran 0-0: Ground out 4-3 (Groundball, 4M)
John Haney to second
Batting: LHB José Flores 0-0: Ball
1-0: Foul Ball, location: 2F
1-1: Swinging Strike
1-2: Strikes out swinging
Bottom of the 1st over - 0 run(s), 0 hit(s), 0 error(s), 1 left on base; Key West 0 - Montgomery 0
TOP OF THE 2ND
Key West Barracudas batting - Pitching for Montgomery Biscuits : LHP Jorge Estrada
Batting: RHB Carlos Miranda 0-0: Ground out 6-3 (Groundball, 56)
Batting: RHB Luther Stoffels 0-0: Fly out, F9 (Flyball, 9M)
Batting: RHB Kenny Cole 0-0: Called Strike
0-1: Ball
1-1: Ground out 6-3 (Groundball, 6M)
Top of the 2nd over - 0 run(s), 0 hit(s), 0 error(s), 0 left on base; Key West 0 - Montgomery 0
BOTTOM OF THE 2ND
Montgomery Biscuits batting - Pitching for Key West Barracudas : RHP Cade Baird
Batting: RHB Jean-Paul St-Pierre 0-0: Called Strike
0-1: Swinging Strike
0-2: Strikes out swinging
Batting: RHB Dave Dawson 0-0: Called Strike
0-1: Foul Ball, location: 2F
0-2: Foul Ball, location: 2F
0-2: Fly out, F8 (Flyball, 8LD)
Batting: RHB Vicente Carona 0-0: Ball
1-0: Called Strike
1-1: Ball
2-1: Ball
3-1: Base on Balls
Batting: RHB Larry Mitchell 0-0: Ball
1-0: Ground out 6-3 (Groundball, 6)
Bottom of the 2nd over - 0 run(s), 0 hit(s), 0 error(s), 1 left on base; Key West 0 - Montgomery 0
TOP OF THE 3RD
Key West Barracudas batting - Pitching for Montgomery Biscuits : LHP Jorge Estrada
Batting: LHB Jake Wells 0-0: Foul Ball, location: 2F
0-1: Ball
1-1: Foul Ball, location: 2F
1-2: Foul Ball, location: 2F
1-2: Ball
2-2: Ball
3-2: Base on Balls
Batting: SHB Rodney Birling 0-0: Foul Ball, location: 2F
0-1: Foul Ball, location: 2F
0-2: Strikes out looking
Batting: RHB Dan Craft 0-0: Ground out 5-3 (Groundball, 56S)
Jake Wells to second
Batting: RHB Luis Pineda 0-0: Ground out 6-3 (Groundball, 6)
Top of the 3rd over - 0 run(s), 0 hit(s), 0 error(s), 1 left on base; Key West 0 - Montgomery 0
BOTTOM OF THE 3RD
Montgomery Biscuits batting - Pitching for Key West Barracudas : RHP Cade Baird
Batting: RHB Pete Smith 0-0: Ball
1-0: Called Strike
1-1: Swinging Strike
1-2: Strikes out swinging
Batting: RHB Gabriel Miranda 0-0: Swinging Strike
0-1: Ball
1-1: Foul Ball, location: 2F
1-2: Ball
2-2: Ground out 5-3 (Groundball, 5)
Batting: LHB John Haney 0-0: Swinging Strike
0-1: Called Strike
0-2: Ball
1-2: Foul Ball, location: 2F
1-2: Foul Ball, location: 2F
1-2: Ball
2-2: Fly out, F6 (Popup, 6D)
Bottom of the 3rd over - 0 run(s), 0 hit(s), 0 error(s), 0 left on base; Key West 0 - Montgomery 0
TOP OF THE 4TH
Key West Barracudas batting - Pitching for Montgomery Biscuits : LHP Jorge Estrada
Batting: SHB Patrick Larson 0-0: Ball
1-0: Foul Ball, location: 2F
1-1: Fly out, F5 (Line Drive, 5L)
Batting: RHB Dave Nelson 0-0: Ball
1-0: Called Strike
1-1: Ball
2-1: Ball
3-1: Called Strike
3-2: Base on Balls
Batting: RHB Carlos Miranda 0-0: Swinging Strike
0-1: Grounds into double play, 4-6-3 (Groundball, 4)
Top of the 4th over - 0 run(s), 0 hit(s), 0 error(s), 0 left on base; Key West 0 - Montgomery 0
BOTTOM OF THE 4TH
Montgomery Biscuits batting - Pitching for Key West Barracudas : RHP Cade Baird
Batting: SHB Andrew Curran 0-0: Ball
1-0: Ball
2-0: Ball
3-0: Called Strike
3-1: Foul Ball, location: 2F
3-2: Base on Balls
Batting: LHB José Flores 0-0: Called Strike
Andrew Curran steals 2nd base
0-1: Called Strike
0-2: Foul Ball, location: 2F
0-2: Ball
1-2: Foul Ball, location: 2F
1-2: Fly out, F4 (Popup, 4D)
Batting: RHB Jean-Paul St-Pierre 0-0: Called Strike
0-1: Swinging Strike
0-2: Ball
1-2: Foul Ball, location: 2F
1-2: Strikes out swinging
Batting: RHB Dave Dawson 0-0: Foul Ball, location: 2F
0-1: Ball
1-1: Ball
2-1: Called Strike
2-2: Foul Ball, location: 2F
2-2: Ball
3-2: Base on Balls
Batting: RHB Vicente Carona 0-0: Called Strike
0-1: Foul Ball, location: 2F
0-2: Foul Ball, location: 2F
0-2: Foul Ball, location: 2F
0-2: Foul Ball, location: 2F
0-2: Ball
1-2: Strikes out looking
Bottom of the 4th over - 0 run(s), 0 hit(s), 0 error(s), 2 left on base; Key West 0 - Montgomery 0
TOP OF THE 5TH
Key West Barracudas batting - Pitching for Montgomery Biscuits : LHP Jorge Estrada
Batting: RHB Luther Stoffels 0-0: Ball
1-0: Called Strike
1-1: Ground out 5-3 (Groundball, 56)
Batting: RHB Kenny Cole 0-0: Swinging Strike
0-1: Foul Ball, location: 2F
0-2: Strikes out looking
Batting: LHB Jake Wells 0-0: Fly out, F9 (Flyball, 9LM)
Top of the 5th over - 0 run(s), 0 hit(s), 0 error(s), 0 left on base; Key West 0 - Montgomery 0
BOTTOM OF THE 5TH
Montgomery Biscuits batting - Pitching for Key West Barracudas : RHP Cade Baird
Batting: RHB Larry Mitchell 0-0: Called Strike
0-1: Ball
1-1: Ball
2-1: Ball
3-1: Called Strike
3-2: Foul Ball, location: 2F
3-2: Base on Balls
Batting: RHB Pete Smith 0-0: Ball
1-0: Fly out, F3 (Line Drive, 34)
Batting: RHB Gabriel Miranda 0-0: Ball
1-0: Ball
2-0: Ground out 5-3 (Groundball, 56S)
Larry Mitchell to second
Batting: LHB John Haney 0-0: Called Strike
0-1: Ball
1-1: Ball
2-1: Ball
3-1: Called Strike
3-2: Ground out 4-3 (Groundball, 4M)
Bottom of the 5th over - 0 run(s), 0 hit(s), 0 error(s), 1 left on base; Key West 0 - Montgomery 0
TOP OF THE 6TH
Key West Barracudas batting - Pitching for Montgomery Biscuits : LHP Jorge Estrada
Batting: SHB Rodney Birling 0-0: Ground out 1-3 (Groundball, 15)
Batting: RHB Dan Craft 0-0: Ball
1-0: Foul Ball, location: 2F
1-1: Swinging Strike
1-2: Strikes out swinging
Batting: RHB Luis Pineda 0-0: Called Strike
0-1: Ball
1-1: Foul Ball, location: 2F
1-2: Ball
2-2: Strikes out swinging
Top of the 6th over - 0 run(s), 0 hit(s), 0 error(s), 0 left on base; Key West 0 - Montgomery 0
BOTTOM OF THE 6TH
Montgomery Biscuits batting - Pitching for Key West Barracudas : RHP Cade Baird
Batting: SHB Andrew Curran 0-0: Called Strike
0-1: Ball
1-1: Ball
2-1: Ball
3-1: Foul Ball, location: 2F
3-2: Foul Ball, location: 2F
3-2: Base on Balls
Batting: LHB José Flores 0-0: Fielders Choice at 2nd, 3-6 (Groundball, 34)
Batting: RHB Jean-Paul St-Pierre 0-0: Ball
1-0: Foul Ball, location: 2F
1-1: DOUBLE (Line Drive, 7LS)
José Flores to third
Runner from 3rd tries for Home, SAFE, no throw or cutoff
Pitching: RHP Steven O'Brien
Batting: RHB Dave Dawson 0-0: Called Strike
0-1: Ball
1-1: Ball
2-1: Swinging Strike
2-2: 2-RUN HOME RUN (Line Drive, 7D), Distance : 376 ft
Batting: RHB Vicente Carona 0-0: Called Strike
0-1: Ball
1-1: SINGLE (Line Drive, 6D)
Batting: RHB Larry Mitchell 0-0: Called Strike
0-1: Grounds into double play, 6-4-3 (Groundball, 6)
Bottom of the 6th over - 3 run(s), 3 hit(s), 0 error(s), 0 left on base; Key West 0 - Montgomery 3
TOP OF THE 7TH
Key West Barracudas batting - Pitching for Montgomery Biscuits : LHP Jorge Estrada
Batting: SHB Patrick Larson 0-0: Fly out, F8 (Flyball, 89M)
Batting: RHB Dave Nelson 0-0: Ball
1-0: Ball
2-0: Called Strike
2-1: Ground out 5-3 (Groundball, 56)
Batting: RHB Carlos Miranda 0-0: Ground out 4-3 (Groundball, 4D)
Top of the 7th over - 0 run(s), 0 hit(s), 0 error(s), 0 left on base; Key West 0 - Montgomery 3
BOTTOM OF THE 7TH
Montgomery Biscuits batting - Pitching for Key West Barracudas : RHP Steven O'Brien
Batting: RHB Pete Smith 0-0: Called Strike
0-1: Ball
1-1: Foul Ball, location: 2F
1-2: Ball
2-2: Ball
3-2: SINGLE (Groundball, 6MD)
Batting: RHB Gabriel Miranda 0-0: Ball
Pete Smith is caught stealing 2nd base
1-0: Ground out 6-3 (Groundball, 6)
Batting: LHB John Haney 0-0: Ball
1-0: Fly out, F8 (Flyball, 8LS)
Bottom of the 7th over - 0 run(s), 1 hit(s), 0 error(s), 0 left on base; Key West 0 - Montgomery 3
TOP OF THE 8TH
Key West Barracudas batting - Pitching for Montgomery Biscuits : LHP Jorge Estrada
Batting: RHB Luther Stoffels 0-0: Foul Ball, location: 2F
0-1: DOUBLE (Flyball, 7D)
Batting: RHB Kenny Cole 0-0: Ball
1-0: Foul Ball, location: 2F
1-1: Fly out, F9 (Flyball, 9S)
Batting: LHB Jake Wells 0-0: Fly out, F2 (Popup, 2LF)
Batting: SHB Rodney Birling 0-0: Fly out, F5 (Popup, 25)
Top of the 8th over - 0 run(s), 1 hit(s), 0 error(s), 1 left on base; Key West 0 - Montgomery 3
BOTTOM OF THE 8TH
Montgomery Biscuits batting - Pitching for Key West Barracudas : RHP Steven O'Brien
Batting: SHB Andrew Curran 0-0: Ball
1-0: Fly out, F9 (Line Drive, 89M)
Pitching: RHP Carlos Molina
Batting: LHB José Flores 0-0: Ball
1-0: Called Strike
1-1: Fly out, F8 (Flyball, 8LXD)
Batting: RHB Jean-Paul St-Pierre 0-0: Ball
1-0: Hit by Pitch
Batting: RHB Dave Dawson 0-0: Ball
1-0: Ball
2-0: Ball
3-0: Called Strike
3-1: Called Strike
3-2: Foul Ball, location: 2F
3-2: Foul Ball, location: 2F
3-2: Strikes out swinging
Bottom of the 8th over - 0 run(s), 0 hit(s), 0 error(s), 1 left on base; Key West 0 - Montgomery 3
TOP OF THE 9TH
Key West Barracudas batting - Pitching for Montgomery Biscuits : LHP Jorge Estrada
Now at SS: Dave Williams
Batting: RHB Dan Craft 0-0: Foul Ball, location: 2F
0-1: Called Strike
0-2: Ball
1-2: Strikes out swinging
Batting: RHB Luis Pineda 0-0: Ball
1-0: Ball
2-0: Foul Ball, location: 2F
2-1: Ball
3-1: Base on Balls
Batting: SHB Patrick Larson 0-0: Ball
1-0: Foul Ball, location: 2F
1-1: Ball
2-1: Foul Ball, location: 2F
2-2: SINGLE (Line Drive, 56D)
Luis Pineda to second
Pinch Hitting: RHB Zander Tremblett 0-0: Ball
1-0: Foul Ball, location: 2F
1-1: Ball
2-1: Ball
3-1: Base on Balls
Luis Pineda to third
Patrick Larson to second
Pinch Hitting: LHB Dillon Beck 0-0: Foul Ball, location: 2F
0-1: Swinging Strike
0-2: Fly out, F8 (Flyball, 8LM)
Runner from 3rd tags up, SCORES, no throw
Pitching: LHP Gonzalo Martínez
Batting: RHB Luther Stoffels 0-0: Ground out 5-3 (Groundball, 15S)
Top of the 9th over - 1 run(s), 1 hit(s), 0 error(s), 2 left on base; Key West 1 - Montgomery 3
This league is powered by Out of the Park Baseball, the baseball management simulation game for PC, Mac and Linux
Wednesday, December 2nd, 2015 - OOTP Baseball 16.8 Build 38